 Dungeon Crawl Stone Soup version 0.30-a0-125-g51eefa89be (webtiles) character file.

Game seed: 12387040592703237042

36013 funkygono the Thaumaturge (level 13, -2/93 HPs)
             Began as a Demonspawn Fire Elementalist on Sept 18, 2022.
             Was an Elder of Vehumet.
             Slain by a death yak (4 damage)
             ... while petrified by a basilisk
             ... on level 5 of the Lair of Beasts.
             The game lasted 00:42:06 (22724 turns).

funkygono the Thaumaturge (DsFE)                   Turns: 22724, Time: 00:42:07

Health: -2/93      AC: 19    Str:  8    XL:     13   Next: 50%
Magic:  16/29      EV:  2    Int: 24    God:    Vehumet [****..]
Gold:   332        SH:  0    Dex: 24    Spells: 14/37 levels left

rFire   + + +      SeeInvis .    I - +6 short sword "Xioliav" {vorpal, Fly rF+ Int+3}
rCold   . . .      Faith    .    (no shield)
rNeg    + + +      Spirit   .    G - +2 leather armour {rC+}
rPois   ∞          Reflect  .    (helmet restricted)
rElec   .          Harm     .    B - +3 cloak of Action {rF+ Dex+9}
rCorr   .          Rampage  .    v - +2 pair of gloves
Will    .....                    m - +2 pair of boots
Stlth   ++........               (no amulet)
HPRegen 0.25/turn                o - ring of fire
MPRegen 0.21/turn                l - ring of poison resistance

@: petrified, flying
A: antennae 2, rugged brown scales 3, demonic guardian 1, ignite blood 1
a: Renounce Religion


You were on level 5 of the Lair of Beasts.
You worshipped Vehumet.
Vehumet was greatly pleased with you.
You visited 3 branches of the dungeon, and saw 18 of its levels.

You collected 907 gold pieces.
You spent 575 gold pieces at shops.

Inventory:

Hand Weapons
 s - the +1 dagger of the Many Invaders {flame, rC+ Dex+2 SInv}
   (You found it on level 3 of the Dungeon)

   It burns those it strikes, dealing additional fire damage.
   Dex:       It affects your dexterity (+2).
   rC:        It protects you from cold.
   SInv:      It lets you see invisible.
 t - a +2 dagger of protection
 E - a +2 vorpal falchion
 F - a +2 long sword
 I - the +6 short sword "Xioliav" (weapon) {vorpal, Fly rF+ Int+3}
   (You found it on level 6 of the Dungeon)

   It inflicts extra damage upon your enemies.
   Int:       It affects your intelligence (+3).
   rF:        It protects you from fire.
   Fly:       It grants you flight.
Armour
 m - a +2 pair of boots (worn)
 v - a +2 pair of gloves (worn)
 B - the +3 cloak of Action (worn) {rF+ Dex+9}
   (You found it on level 7 of the Dungeon)

   Dex:       It affects your dexterity (+9).
   rF:        It protects you from fire.
 G - a +2 leather armour of cold resistance (worn)
 L - a +3 ring mail of willpower
 M - a +2 robe of cold resistance
 Q - +0 steam dragon scales
Magical Staves
 c - a staff of poison
 w - a staff of earth
 N - a staff of cold
Jewellery
 l - a ring of poison resistance (right hand)
 n - a +6 ring of strength
 o - a ring of fire (left hand)
 y - a ring of protection from fire
Wands
 f - a wand of polymorph (2)
 h - a wand of quicksilver (5)
 u - a wand of flame (11)
 z - a wand of digging (2)
 C - a wand of roots (8)
 J - a wand of mindburst (7)
Scrolls
 p - 4 scrolls of identify
 x - 4 scrolls of teleportation
 D - 3 scrolls of fear
 H - a scroll of amnesia
 K - 2 scrolls of poison
 P - a scroll of acquirement {unknown}
Potions
 b - a potion of magic
 d - 3 potions of ambrosia
 e - 7 potions of heal wounds
 g - 11 potions of curing
 i - 5 potions of lignification
 j - 2 potions of mutation
 k - 2 potions of might
 q - a potion of resistance
 r - a potion of flight
 A - a potion of cancellation
 O - 2 potions of attraction
Miscellaneous
 a - a phial of floods


   Skills:
 + Level 3.6 Fighting
 + Level 3.7(3.8) Short Blades
 + Level 1.0(2.5) Long Blades
 + Level 3.7 Armour
 + Level 4.5 Dodging
 - Level 1.7 Stealth
 + Level 12.8 Spellcasting
 + Level 10.4 Conjurations
 + Level 2.5 Translocations
 + Level 11.7 Fire Magic
 + Level 1.2 Air Magic
 + Level 4.2 Earth Magic


You had 14 spell levels left.
You knew the following spells:

 Your Spells              Type           Power      Damage    Failure   Level
a - Foxfire               Conj/Fire      100%       2x1d9     1%          1
b - Scorch                Fire           100%       2d10      1%          2
c - Kindle Blastsparks    Fire/Tloc/Air  100%       2d18      1%          3
d - Flame Wave            Conj/Fire      80%        2d17      1%          4
e - Blink                 Tloc           54%        N/A       3%          2
f - Stone Arrow           Conj/Erth      100%       3d13      1%          3
g - Ignite Poison         Fire/Tmut/Pois 50%        N/A       1%          3
h - Fireball              Conj/Fire      40%        3d16      1%          5

Your spell library contained the following spells:

 Spells                   Type           Power      Damage    Failure   Level
 Magic Dart               Conj           100%       1d8       1%          1
 Inner Flame              Hex/Fire       60%        N/A       1%          3
 Mephitic Cloud           Conj/Pois/Air  34%        N/A       1%          3
 Gell's Gravitas          Tloc           27%        N/A       6%          3
 Lesser Beckoning         Tloc           27%        N/A       6%          3
 Teleport Other           Tloc           27%        N/A       6%          3
 Call Imp                 Summ           15%        N/A       9%          2
 Manifold Assault         Tloc           27%        N/A       19%         4
 Animate Armour           Summ/Erth      50%        N/A       22%         4
 Cause Fear               Hex            7%         N/A       50%         4
 Lehudib's Crystal Spear  Conj/Erth      25%        10d7      98%         8
 Discord                  Hex            7%         N/A       100%        8


Dungeon Overview and Level Annotations

Branches:
Dungeon (12/15)            Temple (1/1) D:7            Lair (5/5) D:9
  Swamp (0/4) Lair:2       Spider (0/4) Lair:2        Slime (0/5) Lair:4
    Orc (0/2) D:11

Altars:
Ashenzari
Cheibriados
Dithmenos
Fedhas
Gozag
Hepliaklqana
Kikubaaqudgha
Makhleb
Nemelex Xobeh
Okawaru
Qazlal
Ru
Sif Muna
Trog
Uskayaw
Vehumet
Wu Jian
Xom
Yredelemnul
Jiyva

Shops:
D:2 :   D:9 ?   D:10 (:(!

Annotations:
Lair:2 2 transporters, Ucohosch's ghost, journeyman DECj


Innate Abilities, Weirdness & Mutations

You have a pair of antennae on your head.
You are completely covered in rugged brown scales. (AC +3, +7% HP)
A weak demonic guardian rushes to your aid.
Your demonic aura sometimes causes spilled blood to erupt in flames.


Message History

The death yak barely misses you.
The death yak gores you but does no damage.
The death yak closely misses you.
The death yak gores you but does no damage.
The death yak barely misses you. The death yak gores you!
* * * LOW HITPOINT WARNING * * *
A demonic guardian appears!
Your limbs are stiffening.
A wave of flame ripples out!
The flame wave engulfs the death yak!
The death yak is severely wounded.
The flame wave engulfs the death yak!!
The death yak is heavily wounded.
The flame wave engulfs the death yak!!
You kill the death yak!
Vehumet accepts your kill.
You feel your power returning.
Your demonic guardian avoids your attack.
The bush is engulfed in blazing flames.
A nearby plant withers and dies.
The death yak barely misses you. The death yak gores you.
* * * LOW HITPOINT WARNING * * *
You have turned to stone.
The plant is engulfed in blazing flames.
The plant begins to die.
The death yak gores you.
* * * LOW HITPOINT WARNING * * *
The death yak gores you but does no damage.
Your iron imp hits the death yak.
The death yak gores you.
* * * LOW HITPOINT WARNING * * *
The death yak gores you.
* * * LOW HITPOINT WARNING * * *
Your iron imp barely misses the death yak.
The death yak gores you but does no damage.
The death yak gores you.
* * * LOW HITPOINT WARNING * * *
The death yak barely misses you.
The death yak gores you but does no damage.
Your iron imp hits the death yak but does no damage.
A nearby plant withers and dies.
The death yak gores you but does no damage.
The death yak gores you!
You die...

...............................
...............................
...............P...............
............P..................
......!.......................
.......P........☼...P.........
.................P............
.............5.....P..........
.........P..Y@...P.PP.........
......P....Y†##.P.PP.........
.......P...†##.....P....#...
......P....##..P....## #...
....♣PP..##.......## ####
...♣.♣.....†......♣ ..
...§§°°......†.~♣♣
....♣§§§°§...#...†~.♣
......P............~..~≈~


You could see 2 death yaks and a friendly iron imp (summoned).

Vanquished Creatures
  Fannar (Lair:3)
  5 hydras
  A death yak (Lair:5)
  5 two-headed ogres
  3 oklob plants (Lair:4)
  2 manticores
  2 ugly things (D:12)
  8 elephants
  Joseph (D:8)
  A black mamba (Lair:5)
  4 cane toads
  A gargoyle (D:11)
  3 rime drakes
  An unseen horror (D:12)
  8 komodo dragons
  A hornet (D:7)
  A tyrant leech (Lair:2)
  Prince Ribbit (D:5)
  Grinder (D:4)
  8 blink frogs
  A wyvern (D:9)
  A wraith (D:12)
  40 yaks
  3 basilisks
  2 steam dragons
  Menkaure (D:4)
  A swamp worm (Lair:2)
  4 vampire mosquitoes (D:10)
  3 wargs (D:9)
  4 acid dragons
  11 water moccasins
  A sky beast (D:6)
  2 black bears
  3 orc warriors
  An ice beast (D:7)
  13 wolves
  10 centaurs
  2 ogres
  3 phantoms
  11 bullfrogs
  4 kobold brigands
  3 necrophages
  2 scorpions
  8 wights
  12 killer bees
  9 howler monkeys
  3 electric eels
  A jelly (D:6)
  5 orc priests
  Crazy Yiuf (D:2)
  3 hounds
  5 iguanas
  Jessica (D:2)
  2 gnoll boudas
  13 orc wizards
  Robin (D:4)
  5 adders
  16 gnolls
  3 shadow imps
  2 white imps (D:7)
  An ufetubus (D:4)
  5 worms
  3 dart slugs
  33 orcs
  7 endoplasms
  4 giant cockroaches
  12 goblins
  7 hobgoblins
  2 jackals (D:1)
  21 kobolds
  7 quokkas
  11 ball pythons
  4 bats
  8 frilled lizards
  6 rats
  3 bushes (Lair:5)
  2 butterflies (Lair:2)
410 creatures vanquished.

Vanquished Creatures (collateral kills)
  16 foxfires
16 creatures vanquished.

Vanquished Creatures (others)
  1148 foxfires
  12 fungi
  107 plants
1267 creatures vanquished.

Grand Total: 1693 creatures vanquished

Notes
Turn   | Place    | Note
-------+----------+-------------------------------------------
     0 | D:1      | funkygono the Demonspawn Fire Elementalist began the quest
                  | for the Orb.
     0 | D:1      | Reached XP level 1. HP: 13/13 MP: 3/3
   262 | D:1      | Gained mutation: You have a pair of small antennae on your
                  | head. [demonic ancestry]
   262 | D:1      | Reached XP level 2. HP: 19/19 MP: 0/5
   265 | D:1      | Learned a level 2 spell: Scorch
   426 | D:1      | Found a faded altar of an unknown god.
  1148 | D:2      | Found a blossoming altar of Fedhas.
  1332 | D:2      | Noticed Jessica
  1365 | D:2      | Killed Jessica
  1366 | D:2      | Gained mutation: You are partially covered in rugged brown
                  | scales. (AC +1, +3% HP) [demonic ancestry]
  1366 | D:2      | Reached XP level 3. HP: 19/24 MP: 2/7
  1562 | D:2      | Found Kaakhod's Book Boutique.
  1631 | D:2      | You fall into a shaft and drop 2 floors!
  1633 | D:4      | Found a hide-covered altar of Uskayaw.
  1638 | D:4      | Found a radiant altar of Vehumet.
  1659 | D:4      | Gained mutation: You have a pair of antennae on your head.
                  | [demonic ancestry]
  1659 | D:4      | Reached XP level 4. HP: 30/30 MP: 3/8
  1732 | D:4      | Reached skill level 3 in Spellcasting
  2068 | D:4      | Noticed a scorpion
  2073 | D:4      | Killed a scorpion
  2074 | D:4      | Gained mutation: You are mostly covered in rugged brown
                  | scales. (AC +2, +5% HP) [demonic ancestry]
  2074 | D:4      | Reached XP level 5. HP: 30/36 MP: 2/10
  2170 | D:3      | Found a shimmering altar of Xom.
  3070 | D:2      | Found a runed translucent door.
  3071 | D:2      | Noticed Crazy Yiuf
  3076 | D:2      | Killed Crazy Yiuf
  3077 | D:2      | Reached skill level 4 in Spellcasting
  3201 | D:2      | Learned a level 3 spell: Kindle Blastsparks
  3206 | D:2      | Learned a level 4 spell: Flame Wave
  3209 | D:2      | Learned a level 2 spell: Blink
  3450 | D:3      | Identified the +1 dagger of the Many Invaders {flame, rC+
                  | Dex+2 SInv}
  3811 | D:3      | Reached XP level 6. HP: 43/43 MP: 8/12
  4170 | D:4      | Noticed Grinder
  4385 | D:4      | Noticed Menkaure
  4393 | D:4      | Killed Menkaure
  4687 | D:4      | Reached skill level 5 in Spellcasting
  4687 | D:4      | Reached XP level 7. HP: 37/48 MP: 4/14
  4799 | D:4      | Noticed a steam dragon
  4810 | D:4      | Killed a steam dragon
  4811 | D:4      | Reached skill level 5 in Fire Magic
  4894 | D:4      | Noticed Robin
  4902 | D:4      | Killed Robin
  5215 | D:4      | Killed Grinder
  5216 | D:4      | Reached skill level 6 in Spellcasting
  5216 | D:4      | Reached XP level 8. HP: 48/55 MP: 7/17
  6022 | D:5      | Entered Level 5 of the Dungeon
  6265 | D:5      | Noticed Prince Ribbit
  6271 | D:5      | Killed Prince Ribbit
  6593 | D:5      | Found an iron altar of Okawaru.
  6934 | D:5      | Reached skill level 7 in Spellcasting
  6961 | D:5      | Reached skill level 1 in Short Blades
  7073 | D:6      | Reached skill level 1 in Fighting
  7216 | D:6      | Gained mutation: You are completely covered in rugged brown
                  | scales. (AC +3, +7% HP) [demonic ancestry]
  7216 | D:6      | Reached XP level 9. HP: 3/63 MP: 7/20
  7566 | D:6      | Reached skill level 5 in Conjurations
  7990 | D:6      | Identified the +6 short sword "Xioliav" {vorpal, Fly rF+
                  | Int+3}
  8513 | D:7      | Reached skill level 8 in Spellcasting
  8600 | D:7      | Reached skill level 1 in Translocations
  8814 | D:7      | Identified the +3 cloak of Action {rF+ Dex+9}
  8979 | D:7      | Reached XP level 10. HP: 67/70 MP: 7/22
  9371 | D:7      | Found a staircase to the Ecumenical Temple.
  9398 | Temple   | Entered the Ecumenical Temple
  9564 | D:4      | Became a worshipper of Vehumet
 10057 | D:8      | Reached skill level 9 in Spellcasting
 10572 | D:8      | Found a blossoming altar of Fedhas.
 10596 | D:8      | Noticed Joseph
 10609 | D:8      | Killed Joseph
 10859 | D:9      | Noticed a two-headed ogre
 11180 | D:9      | Identified the +6 morningstar "Wuys" {spect, Dex+3 Stlth+}
 11207 | D:9      | Found a staircase to the Lair.
 11216 | D:9      | Reached * piety under Vehumet
 11216 | D:9      | Offered knowledge of Magic Dart by Vehumet.
 11470 | D:9      | Found Ciam's Magic Scroll Shop.
 11477 | D:9      | Found an opulent altar of Gozag.
 11480 | D:9      | Bought a scroll of identify for 26 gold pieces
 11480 | D:9      | Bought a scroll of identify for 26 gold pieces
 11480 | D:9      | Bought a scroll of identify for 26 gold pieces
 11530 | D:9      | Killed a two-headed ogre
 11531 | D:9      | Reached skill level 1 in Long Blades
 11531 | D:9      | Reached skill level 10 in Spellcasting
 11671 | D:9      | Found a sacrificial altar of Ru.
 11951 | D:9      | Gained mutation: Your demonic aura sometimes causes spilled
                  | blood to erupt in flames. [demonic ancestry]
 11951 | D:9      | Reached XP level 11. HP: 72/78 MP: 16/25
 12737 | D:10     | Entered Level 10 of the Dungeon
 12879 | D:10     | Found Keqezih's Weapon Shoppe.
 12879 | D:10     | Found Jifay's Distillery.
 12879 | D:10     | Found Jud Uzi's Book Shoppe.
 12880 | D:10     | Found Edanoi Xeid's Weapon Shoppe.
 12886 | D:10     | Offered knowledge of Static Discharge by Vehumet.
 12928 | D:10     | Bought a potion of heal wounds for 65 gold pieces
 12949 | D:10     | Reached ** piety under Vehumet
 13304 | D:10     | Noticed a two-headed ogre
 13332 | D:10     | Killed a two-headed ogre
 13972 | D:10     | Reached skill level 1 in Air Magic
 14376 | D:11     | Reached skill level 10 in Fire Magic
 14417 | D:11     | Reached skill level 1 in Armour
 14453 | D:11     | Offered knowledge of Poisonous Vapours by Vehumet.
 15018 | D:11     | Reached *** piety under Vehumet
 15089 | D:11     | Found a staircase to the Orcish Mines.
 15580 | D:12     | Noticed a white ugly thing
 15590 | D:12     | Killed a white ugly thing
 15656 | D:12     | Reached skill level 11 in Spellcasting
 15964 | D:12     | Noticed a two-headed ogre
 15976 | D:12     | Killed a two-headed ogre
 16081 | D:12     | Noticed a cyan ugly thing
 16092 | D:12     | Killed a cyan ugly thing
 16324 | D:12     | Gained mutation: A weak demonic guardian rushes to your
                  | aid. [demonic ancestry]
 16324 | D:12     | Reached XP level 12. HP: 81/85 MP: 20/27
 16467 | D:12     | Noticed a two-headed ogre
 16475 | D:12     | Killed a two-headed ogre
 16533 | D:12     | Noticed a two-headed ogre
 16539 | D:12     | Killed a two-headed ogre
 17118 | D:2      | Bought a book of Armaments for 432 gold pieces
 17122 | D:2      | Learned a level 3 spell: Stone Arrow
 17296 | Lair:1   | Entered Level 1 of the Lair of Beasts
 17828 | Lair:1   | Reached skill level 1 in Earth Magic
 18779 | Lair:2   | Noticed an eight-headed hydra
 18786 | Lair:2   | Killed an eight-headed hydra
 18787 | Lair:2   | Reached skill level 12 in Spellcasting
 18849 | Lair:2   | Offered knowledge of Ignite Poison by Vehumet.
 18854 | Lair:2   | Learned a level 3 spell: Ignite Poison
 19100 | Lair:2   | Found a hole to the Spider Nest.
 19134 | Lair:2   | Noticed an eight-headed hydra
 19142 | Lair:2   | Killed an eight-headed hydra
 19480 | Lair:2   | Found a staircase to the Swamp.
 19544 | Lair:2   | Found a transporter.
 19586 | Lair:2   | Noticed Ucohosch's ghost (journeyman DECj)
 19588 | Lair:2   | Found a transporter.
 20018 | Lair:3   | Noticed Fannar
 20159 | Lair:3   | Killed Fannar
 20446 | Lair:3   | Reached **** piety under Vehumet
 20516 | Lair:3   | Noticed an eight-headed hydra
 20520 | Lair:3   | Killed an eight-headed hydra
 20521 | Lair:3   | Reached XP level 13. HP: 92/92 MP: 20/29
 20591 | Lair:3   | Offered knowledge of Fireball by Vehumet.
 20755 | Lair:3   | Reached skill level 10 in Conjurations
 21111 | Lair:3   | Learned a level 5 spell: Fireball
 21180 | Lair:4   | Found a viscous altar of Jiyva.
 21180 | Lair:4   | Found a staircase to the Slime Pits.
 22277 | Lair:5   | Entered Level 5 of the Lair of Beasts
 22721 | Lair:5   | HP: 4/93 [death yak (2)]
 22722 | Lair:5   | HP: 1/93 [death yak (2)]
 22724 | Lair:5   | Slain by a death yak

Illustrated notes

Levels and vault maps discovered:
D:1:      dpeg_arrival_lava_temple_mockup, layout_basic,
          shapermc_ecumenical_altar_venn, hangedman_decor_clover_reticule,
          supply_closet_lemuel, hangedman_decor_diamond_cutter, minivault_25,
          chequers_serial_rivers_room_a
D:2:      layout_loops_ring, serial_shops, shop, basic_altar,
          uniq_crazy_yiuf_cottage, uniq_jessica
D:3:      layout_basic, mainiacjoe_overflow_brackets
D:4:      cheibrodos_barr_body, layout_loops_corners, minitemple, uniq_robin,
          uniq_grinder, uniq_menkaure
D:5:      layout_loops_ring, mainiacjoe_overflow_boulevard,
          mainiacjoe_overflow_six_doors_small, uniq_prince_ribbit1
D:6:      layout_cave_pools, centaur_isle
D:7:      layout_rooms, mainiacjoe_overflow_24_doors,
          minmay_temple_entry_antechambers
D:8:      layout_loops_ring, marbit_many_paths, uniq_joseph
D:9:      layout_cave_pods, hangedman_ru_absence, lemuel_crystal_altar,
          erik_lair_orcish_takeover, serial_shops, nicolae_shop_trees,
          minivault_4
D:10:     layout_basic, minmay_shop_grid_forest
D:11:     layout_roguey, hiddenorc1_lemuel
D:12:     layout_gridville, minmay_lizard_king
Temple:   dshaligram_water_room_temple
Lair:1:   layout_chaotic_city
Lair:2:   layout_loops_ring, palyth_hydra_swamp_entry,
          spider_nest_entry_web_field, gammafunk_ghost_arena,
          chequers_serial_rivers_micro_c, lemuel_fruit_fields
Lair:3:   layout_misc_corridors, uniq_fannar
Lair:4:   layout_gridlike, minmay_slime_entry_oklob_open
Lair:5:   guppyfry_lair_end_dragon, layout_cave_shapes,
          hangedman_lair_caniforms_friends, serial_forest,
          infiniplex_forest_clump_curved, infiniplex_forest_clump_diagonal,
          infiniplex_forest_clump_diagonal, infiniplex_forest_straight_1,
          infiniplex_forest_clump_small, infiniplex_forest_straight_4,
          infiniplex_forest_clump_large, infiniplex_forest_clump_diagonal

Skill      XL: |  1  2  3  4  5  6  7  8  9 10 11 12 13 |
---------------+----------------------------------------+-----
Fire Magic     | 3 4 5 6 8 9 10 11 | 11.7
Dodging        | 2 3 4 |  4.5
Spellcasting   | 3 4 5 6 7 8 10 11 12 | 12.8
Conjurations   | 2 3 4 6 7 8 9 10 | 10.4
Short Blades   | 1 2 3 |  3.7
Fighting       | 1 2 3 |  3.6
Translocations | 1 2 |  2.5
Long Blades    | 1 |  1.0
Air Magic      | 1 |  1.2
Armour         | 2 3 |  3.7
Earth Magic    | 3 4 |  4.2
Stealth        | |  1.7

Action                   |  1- 3 |  4- 6 |  7- 9 | 10-12 | 13-15 || total
-------------------------+-------+-------+-------+-------+-------++-------
Melee: Dagger            |    10 |    16 |    38 |    21 |       ||    85
       Long sword        |       |       |       |     9 |       ||     9
       Falchion          |       |       |       |     9 |       ||     9
       Punch             |       |       |       |     3 |       ||     3
       Short sword       |       |       |       |   104 |     8 ||   112
 Cast: Foxfire           |    48 |    88 |   205 |   296 |    47 ||   684
       Scorch            |     3 |    12 |    31 |    84 |       ||   130
       Flame Wave        |       |       |     4 |    33 |     8 ||    45
       Kindle Blastspark |       |       |     4 |     9 |     1 ||    14
       Blink             |       |       |     1 |       |       ||     1
       Stone Arrow       |       |       |       |    81 |    24 ||   105
       Fireball          |       |       |       |       |     6 ||     6
  Use: Scroll            |       |     4 |     6 |    15 |     2 ||    27
       Potion            |       |       |       |     2 |       ||     2
Armor: Robe              |     1 |    14 |    26 |    15 |       ||    56
       Leather armour    |       |       |       |    96 |    20 ||   116
Dodge: Dodged            |     6 |    32 |    60 |   172 |    28 ||   298

Table legend: (Time is in decaauts)
 A = Elapsed time spent in this place.
 B = Non-inter-level travel time spent in this place.
 C = Inter-level travel time spent in this place.
 D = Time resting spent in this place.
 E = Time spent auto-exploring this place.
 F = Levels seen in this place.
 G = Mean time per level.
                   A        B        C        D        E       F      G
               +--------+--------+--------+--------+--------+-----+--------+
         Total |  22718 |  21510 |   1208 |   1941 |  16221 |  18 | 1262.1 |
       Dungeon |  17205 |  16084 |   1121 |   1180 |  12196 |  12 | 1433.8 |
        Temple |     91 |     71 |     20 |      0 |     60 |   1 |   91.0 |
          Lair |   5421 |   5355 |     66 |    761 |   3965 |   5 | 1084.2 |
               +--------+--------+--------+--------+--------+-----+--------+

Top non-repeatable levels by time:
     D:4: 1934 daAuts
     D:3: 1715 daAuts
     D:9: 1690 daAuts
     D:6: 1612 daAuts
    D:11: 1563 daAuts
    D:10: 1466 daAuts
     D:8: 1453 daAuts
     D:2: 1429 daAuts
  Lair:1: 1420 daAuts
  Lair:2: 1350 daAuts
     D:1: 1159 daAuts
    D:12: 1142 daAuts
  Lair:4: 1140 daAuts
     D:5: 1085 daAuts
  Lair:3: 1060 daAuts
